 Dungeon Crawl Stone Soup version 0.28-a0-1142-gc8569940dd (webtiles) character file.

Game seed: 2113380613818273146

5794 GenialerGandalf the Cleaver (level 10, -2/85 (91) HPs)
             Began as a Hill Orc Fighter on Dec 13, 2021.
             Was a Believer of Beogh.
             Slain by a wight (3 damage)
             ... on level 8 of the Dungeon.
             The game lasted 00:24:09 (8519 turns).

GenialerGandalf the Cleaver (Hill Orc Fighter)      Turns: 8519, Time: 00:24:12

HP:   -2/85 (91)    AC: 17    Str: 24    XL:     10   Next: 79%
MP:   14/14         EV:  7    Int:  8    God:    Beogh [**....]
Gold: 278           SH:  5    Dex: 10    Spells: 9/9 levels left

rFire   . . .      SeeInvis .   a - +0 war axe
rCold   . . .      Faith    .   c - +0 buckler
rNeg    . . .      Spirit   .   B - +0 plate armour
rPois   .          Reflect  .   (no helmet)
rElec   .          Harm     .   i - +1 cloak
rCorr   .          Rampage  .   (no gloves)
Will    .....                   m - +0 pair of boots
Stlth   ..........              q - amulet of regeneration
HPRegen 1.04/turn               (no ring)
MPRegen 0.14/turn               (no ring)

@: lethally poisoned (-2 -> -2), drained
A: no striking features
a: Renounce Religion, Smiting


You were on level 8 of the Dungeon.
You worshipped Beogh.
Beogh was pleased with you.
You visited 2 branches of the dungeon, and saw 9 of its levels.
You also visited: Sewer and Ossuary.

You collected 278 gold pieces.

Inventory:

Hand Weapons
 a - a +0 war axe (weapon)
Armour
 b - a +0 scale mail
 c - a +0 buckler (worn)
 i - a +1 cloak (worn)
 m - a +0 pair of boots (worn)
 B - a +0 plate armour (worn)
Magical Staves
 C - a staff of conjuration
Jewellery
 q - an amulet of regeneration (around neck)
 u - a ring of fire
Wands
 E - a wand of flame (24)
 F - a wand of polymorph (12)
 H - a wand of iceblast (11)
Scrolls
 f - 5 scrolls of teleportation
 h - 3 scrolls of blinking {unknown}
 k - a scroll of amnesia {unknown}
 l - a scroll of magic mapping {unknown}
 o - 7 scrolls of enchant weapon {unknown}
 s - 2 scrolls of fear {unknown}
 t - 2 scrolls of identify
 x - a scroll of brand weapon {unknown}
 y - a scroll of fog {unknown}
 A - a scroll of enchant armour
 G - a scroll of immolation {unknown}
Potions
 d - a potion of cancellation {unknown}
 e - 2 potions of attraction
 g - 3 potions of haste {unknown}
 j - 3 potions of flight {unknown}
 n - 2 potions of might
 p - 2 potions of lignification
 r - 5 potions of curing {unknown}
 v - a potion of mutation {unknown}
 w - 5 potions of heal wounds {unknown}
 z - a potion of degeneration {unknown}
 D - 2 potions of brilliance {unknown}


   Skills:
 * Level 9.1 Fighting
 * Level 13.3 Axes
 + Level 7.4 Armour
 - Level 2.2 Dodging
 - Level 0.1 Stealth
 * Level 6.8 Shields
 * Level 6.3 Invocations


You had 9 spell levels left.
You didn't know any spells.
Your spell library contained the following spells:

 Spells                   Type           Power      Damage    Failure   Level
 Magic Dart               Conj           0%         1d3       99%         1
 Searing Ray              Conj           0%         2d4       100%        2
 Tukima's Dance           Hex            0%         N/A       100%        3
 Fulminant Prism          Conj/Hex       0%         3d6       100%        4
 Passage of Golubria      Tloc           0%         N/A       100%        4
 Yara's Violent Unravell  Hex/Tmut       0%         3d3       100%        5


Dungeon Overview and Level Annotations

Branches:
Dungeon (8/15)             Temple (1/1) D:4           Sewer (visited)
Ossuary (visited)
   Lair: D:8-11

Altars:
Ashenzari
Dithmenos
Elyvilon
Fedhas
Gozag
Hepliaklqana
Kikubaaqudgha
Makhleb
Okawaru
Qazlal
Sif Muna
Trog
Uskayaw
Wu Jian
Yredelemnul
Zin
The Shining One

Shops:
D:4 (

Annotations:
D:6 3 runed translucent doors, Thargor's ghost, novice GnFE


Message History

The wight barely misses you.
The centaur hits you but does no damage.
The centaur closely misses you.
The killer bee stings you but does no damage. x2
You hit the centaur but do no damage.
The centaur is almost dead.
You slash the killer bee!
You kill the killer bee!
Beogh accepts your kill.
You slash the killer bee!
You kill the killer bee!
Beogh accepts your kill.
You feel sick.
The centaur hits you but does no damage.
The centaur kicks you but does no damage.
The wight barely misses you.
You completely miss the centaur.
The centaur is almost dead.
You feel sick. The centaur hits you.
The centaur kicks you but does no damage.
You block the wight's attack.
The centaur hits you but does no damage.
The centaur barely misses you.
You barely miss the centaur.
The centaur is almost dead.
You feel sick. The centaur hits you.
* * * LOW HITPOINT WARNING * * *
The centaur kicks you but does no damage.
The wight hits you from afar with a +0 halberd!
* * * LOW HITPOINT WARNING * * *
You feel drained.
* * * LOW HITPOINT WARNING * * *
You hit the centaur.
You kill the centaur!
Beogh accepts your kill.
You feel sick.
The wight hits you from afar with a +0 halberd!
* * * LOW HITPOINT WARNING * * *
You feel drained.
You die...

.. #... . ##.
..#..# #< #..
.....# ...##..
...#.#.
#.....###.......
#.....#.........
#..[#z......
##††#)......
##<@)......
#†#.......
...#.......
..##........#
... #.........
#. .......#.. #
.......# .
........


You could see a wight.

Vanquished Creatures
  A two-headed ogre (D:7)
  Pikel (D:7)
  2 polar bears (D:8)
  2 hogs (D:8)
  3 wyverns
  A yak (D:8)
  Edmund (D:6)
  An acid dragon (D:8)
  2 hornet zombies (Ossuary)
  3 black bears
  A sky beast (D:7)
  4 ogres
  3 centaurs
  A lemure (D:7)
  A kobold brigand (D:6)
  A bullfrog (D:6)
  A scorpion (D:4)
  2 wyvern zombies
  3 water moccasin zombies (Ossuary)
  5 killer bees (D:8)
  2 wights (D:8)
  A howler monkey (D:8)
  8 bullfrog zombies
  4 centaur zombies (Ossuary)
  5 hounds
  A jelly (D:5)
  2 orc priests (D:5)
  10 mummies (Ossuary)
  Jessica (D:2)
  6 orc wizards
  5 iguanas
  A killer bee zombie (Ossuary)
  A howler monkey zombie (Ossuary)
  10 adders
  7 gnolls
  A howler monkey skeleton (D:5)
  4 river rats
  2 ufetubi
  An adder skeleton (D:4)
  A dart slug (D:2)
  16 orcs
  7 ball pythons
  6 bats
  6 endoplasms
  7 giant cockroaches
  7 goblins
  3 hobgoblins
  6 jackals (D:1)
  10 kobolds
  5 quokkas
  5 frilled lizards
  5 rats
195 creatures vanquished.

Vanquished Creatures (others)
  10 withered plants (Ossuary)
10 creatures vanquished.

Grand Total: 205 creatures vanquished

Notes
Turn   | Place    | Note
-------+----------+-------------------------------------------
     0 | D:1      | GenialerGandalf the Hill Orc Fighter began the quest for
                  | the Orb.
     0 | D:1      | Reached XP level 1. HP: 19/19 MP: 1/1
    48 | D:1      | Reached XP level 2. HP: 23/27 MP: 2/2
   412 | D:1      | Reached skill level 3 in Axes
   418 | D:1      | Reached XP level 3. HP: 32/33 MP: 3/3
   728 | D:2      | Noticed Jessica
   745 | D:2      | Killed Jessica
   746 | D:2      | Reached XP level 4. HP: 29/40 MP: 4/4
  1250 | D:2      | Reached skill level 4 in Axes
  1302 | D:2      | Found a faded altar of an unknown god.
  1819 | D:2      | Reached XP level 5. HP: 44/47 MP: 5/5
  2558 | D:3      | Reached skill level 1 in Dodging
  2963 | D:3      | Found an opulent altar of Gozag.
  3176 | D:4      | Reached XP level 6. HP: 25/53 MP: 6/6
  3222 | D:4      | Reached skill level 5 in Axes
  3368 | D:4      | Reached skill level 5 in Fighting
  3436 | D:4      | Became a worshipper of Beogh the Brigand
  3461 | D:4      | Found Zaety's Antique Weapon Boutique.
  3559 | D:4      | Found a staircase to the Ecumenical Temple.
  3560 | D:4      | Noticed a black bear
  3569 | D:4      | Killed a black bear
  3570 | D:4      | Reached skill level 6 in Axes
  3570 | D:4      | Reached XP level 7. HP: 60/61 MP: 7/7
  3858 | D:5      | Entered Level 5 of the Dungeon
  3900 | D:5      | Reached skill level 5 in Armour
  3909 | D:5      | Reached skill level 1 in Invocations
  3922 | D:5      | Reached skill level 7 in Axes
  4070 | D:5      | Reached XP level 8. HP: 69/69 MP: 9/9
  4074 | D:5      | Found a basalt altar of Yredelemnul.
  4120 | D:5      | Found a stormy altar of Qazlal.
  4320 | D:5      | Found a glowing drain.
  4332 | Sewer    | Entered a sewer
  4391 | Sewer    | Reached * piety under Beogh
  5105 | D:5      | Reached skill level 8 in Axes
  5452 | Temple   | Entered the Ecumenical Temple
  5918 | D:6      | Found a runed translucent gate.
  5919 | D:6      | Found a runed translucent gate.
  5920 | D:6      | Found a runed translucent gate.
  5922 | D:6      | Noticed Thargor's ghost (novice GnFE)
  5940 | D:6      | Found a sand-covered staircase.
  5953 | Ossuary  | Entered an ossuary
  6013 | Ossuary  | Reached skill level 5 in Shields
  6057 | Ossuary  | Reached skill level 9 in Axes
  6171 | Ossuary  | Reached XP level 9. HP: 37/78 MP: 11/11
  6200 | Ossuary  | Reached skill level 10 in Axes
  6476 | Ossuary  | Reached ** piety under Beogh
  6725 | D:6      | Noticed Edmund
  6734 | D:6      | Killed Edmund
  7403 | D:7      | Reached skill level 11 in Axes
  7406 | D:7      | Noticed a two-headed ogre
  7414 | D:7      | Killed a two-headed ogre
  7415 | D:7      | Reached skill level 5 in Invocations
  7580 | D:7      | Found a huge runed translucent gate.
  7581 | D:7      | Found a huge runed translucent gate.
  7581 | D:7      | Noticed a polar bear
  7582 | D:7      | Found a huge runed translucent gate.
  7582 | D:7      | Noticed a manticore
  7583 | D:7      | Found a huge runed translucent gate.
  7583 | D:7      | Noticed a polar bear
  7584 | D:7      | Noticed a polar bear
  7677 | D:7      | Reached XP level 10. HP: 88/88 MP: 13/13
  7694 | D:7      | Noticed Pikel
  7711 | D:7      | Killed Pikel
  7712 | D:7      | Reached skill level 12 in Axes
  8453 | D:8      | Reached skill level 13 in Axes
  8519 | D:8      | HP: 1/88 [wight (10)]
  8519 | D:8      | Slain by a wight

Illustrated notes

Levels and vault maps discovered:
D:1:      dpeg_arrival_rhombus, layout_basic, serial_glass, glass_columns_c,
          glass_columns_a, glass_columns_a, glass_columns_a, glass_columns_a
D:2:      layout_basic, hellmonk_ecumenical_altar_heavens_door,
          minmay_tiny_reverse_x, uniq_jessica
D:3:      layout_rooms, old_standard_altar, mrwooster_statue_mirror
D:4:      layout_rooms, minmay_temple_entry_statues_fountains, serial_shops,
          kennysheep_little_box
D:5:      layout_loops_ring, lemuel_zombie_altar_yredelemnul,
          nicolae_qazlal_eye_of_the_storm, gup_sewer_entry_bubbles
D:6:      layout_loops_ring, gammafunk_ghost_necromancy, enter_ossuary_2,
          uniq_edmund
D:7:      lemuel_bear_cage, layout_loops_corners, minivault_24, uniq_pikel
D:8:      layout_cave_pools, lemuel_doored_altar, gammafunk_ghost_stat_death
Temple:   minmay_temple_curvy_branch

Skill      XL: |  1  2  3  4  5  6  7  8  9 10 |
---------------+-------------------------------+-----
Fighting       | 4 5 6 8 9 |  9.1
Axes           | 3 4 6 7 9 11 13 | 13.3
Armour         | 4 5 6 7 |  7.4
Shields        | 4 5 6 |  6.8
Dodging        | 1 2 |  2.2
Invocations    | 1 3 5 6 |  6.3
Stealth        | |  0.1

Action                   |  1- 3 |  4- 6 |  7- 9 | 10-12 || total
-------------------------+-------+-------+-------+-------++-------
Melee: War axe           |    65 |   200 |   535 |   138 ||   938
Invok: Convert to Beogh  |       |     1 |       |       ||     1
  Use: Potion            |       |     1 |       |       ||     1
       Scroll            |       |     3 |     2 |       ||     5
Armor: Scale mail        |    46 |   169 |   200 |       ||   415
       Plate armour      |       |       |    51 |   194 ||   245
       Skin              |       |       |       |     2 ||     2
Dodge: Dodged            |    68 |   152 |   231 |    87 ||   538
Block: Buckler           |    25 |    75 |   129 |    59 ||   288

Table legend: (Time is in decaauts)
 A = Elapsed time spent in this place.
 B = Non-inter-level travel time spent in this place.
 C = Inter-level travel time spent in this place.
 D = Time resting spent in this place.
 E = Time spent auto-exploring this place.
 F = Levels seen in this place.
 G = Mean time per level.
                   A        B        C        D        E       F      G
               +--------+--------+--------+--------+--------+-----+--------+
         Total |   8901 |   8571 |    330 |    762 |   3554 |  11 |  809.2 |
       Dungeon |   7166 |   6837 |    329 |    713 |   3297 |   8 |  895.8 |
        Temple |    277 |    277 |      0 |      0 |    219 |   1 |  277.0 |
         Sewer |    779 |    779 |      0 |     13 |      0 |   1 |  779.0 |
       Ossuary |    678 |    678 |      0 |     36 |     38 |   1 |  678.0 |
               +--------+--------+--------+--------+--------+-----+--------+

Top non-repeatable levels by time:
     D:1: 1232 daAuts
     D:7: 1090 daAuts
     D:5: 1066 daAuts
     D:3: 1036 daAuts
     D:2: 1004 daAuts
     D:6: 805 daAuts
   Sewer: 779 daAuts
     D:4: 695 daAuts
 Ossuary: 678 daAuts
  Temple: 277 daAuts
     D:8: 234 daAuts
